AoeStats
← aren12100

Arena

509938157Analyzed
1v1 RM · 5d ago on Sep 28, 2026· 32m 52s· 2 players
Game mode
Random Map
Map size
Tiny (2 player)
Population
200
Speed
Normal
Resources
Standard
Victory
Conquest
Starting age
Dark Age
Ending age
Imperial Age
RankedLock teamsTeams togetherTeam positionsShared explorationLock speedFull tech treeHidden civsTurbo modeCheats
Victory
Defeat
🇨🇦 Slavs · Canada
465
+16
🇯🇵 Spanish · Japan
460
-16
aren12100
9:11 Loom
13:10 Feudal Age
14:16 Double-Bit Axe
14:58 Horse Collar
17:28 Stone Mining
18:55 Gold Mining
21:10 Castle Age
20:00 Bloodlines
19:43 Fletching
20:58 Forging
21:32 Scale Barding Armor
26:13 Wheelbarrow
26:13 Bow Saw
26:31 Heavy Plow
29:18 Hand Cart
29:59 Iron Casting
30:30 Husbandry
31:35 Murder Holes
32:17 Chain Barding Armor
32:11 Bodkin Arrow
32:40 Ballistics
32:32 Masonry
Elguayos
12:57 Feudal Age
11:12 Loom
14:51 Double-Bit Axe
14:50 Horse Collar
14:56 Man-at-Arms
15:31 Gold Mining
15:32 Stone Mining
19:47 Castle Age
18:34 Forging
19:47 Scale Barding Armor
20:39 Heavy Plow
20:52 Bow Saw
21:25 Wheelbarrow
20:17 Long Swordsman
22:20 Iron Casting
24:14 Bloodlines
24:53 Light Cavalry
27:30 Husbandry
28:19 Gold Shaft Mining
Connection lost

Rejoining the realm…

Still unreachable

The connection could not be restored.

Session expired

The server has moved on; the page needs a fresh start.